 Dungeon Crawl Stone Soup version 0.31-a0-232-gb1c03b2570 (webtiles) character file.

Game seed: 8494868631322041279

116 qw the Shooter (level 4, -2/38 HPs)
             Began as a Minotaur Hexslinger on July 7, 2023.
             Slain by a gnoll
             ... wielding a +2 whip of electrocution
              (8 damage)
             ... on level 3 of the Dungeon.
             The game lasted 00:00:46 (1847 turns).

qw the Shooter (Minotaur Hexslinger)                Turns: 1847, Time: 00:00:47

Health: -2/38      AC:  8    Str: 12      XL:     4   Next: 69%
Magic:  4/4        EV: 12    Int:  9 (10) God:
Gold:   112        SH:  0    Dex: 14 (15) Spells: 4/5 levels left

rFire   . . .        Y - +1 sling
rCold   + . .        (no shield)
rNeg    . . .        i - +2 robe {rC+}
rPois   .            (helmet restricted)
rElec   .            (no cloak)
rCorr   .            (no gloves)
SInv    .            (no boots)
Will    .....        (no amulet)
Stlth   +            d - +4 ring of protection
HPRegen 0.26/turn    (no ring)
MPRegen 0.09/turn

%: clarity
@: no status effects
A: horns 2, retaliatory headbutt, clarity, noise suppression
a: no special abilities


You were on level 3 of the Dungeon.
You visited 1 branch of the dungeon, and saw 3 of its levels.

You collected 112 gold pieces.


Innate Abilities, Weirdness & Mutations

You have a pair of horns on your head.
You reflexively headbutt those who attack you in melee.
You possess an exceptional clarity of mind.
You passively dampen the noise of your surroundings.


   Skills:
 - Level 3.1 Fighting
 + Level 4.7 Ranged Weapons
 - Level 2.1 Dodging
 - Level 1.0 Spellcasting
 - Level 2.0 Hexes


You had 4 spell levels left.
You knew the following spells:

 Your Spells              Type           Power      Damage    Failure   Level
a - Slow                  Hex            16%        N/A       16%         1

Your spell library contained the following spells:

 Spells                   Type           Power      Damage    Failure   Level
 Inner Flame              Hex/Fire       2%         N/A       58%         3
 Portal Projectile        Hex/Tloc       4%         N/A       58%         3
 Cause Fear               Hex            2%         N/A       85%         4

Inventory:

Hand Weapons
 Y - a +1 sling (weapon)
Armour
 i - a +2 robe of cold resistance (worn)
Jewellery
 d - a +4 ring of protection (left hand)
Wands
 h - a wand of digging (6)
Scrolls
 b - 3 scrolls of identify
 e - a scroll of amnesia {unknown}
 f - a scroll of enchant armour {unknown}
Potions
 a - a potion of resistance {unknown}
 c - a potion of curing {unknown}
 g - 3 potions of mutation
 j - a potion of berserk rage {unknown}
 k - a potion of haste {unknown}

Dungeon Overview and Level Annotations

Branches:
Dungeon (3/15)

Altars:
Trog


Message History

The gnoll hits you with a +0 club.
You shoot a sling bullet. The sling bullet hits the gnoll.
The gnoll is almost dead.
The gnoll hits you with a +2 whip of electrocution.
The gnoll hits you from afar with a +0 spear.
The gnoll barely misses you. x2; You furiously retaliate!
You headbutt the gnoll!
You kill the gnoll!
The gnoll closely misses you.
You feel your strength returning.
You shoot a sling bullet. The sling bullet hits the gnoll.
The gnoll is lightly wounded.
The gnoll hits you with a +2 whip of electrocution.
The gnoll hits you from afar with a +0 spear.
You shoot a sling bullet.
The sling bullet closely misses the gnoll.
The gnoll hits you but does no damage.
The gnoll hits you with a +2 whip of electrocution.
You shoot a sling bullet.
The sling bullet barely misses the gnoll.
The gnoll hits you but does no damage.
The gnoll hits you from afar with a +0 spear.
You shoot a sling bullet.
The sling bullet closely misses the gnoll.
The gnoll misses you. You furiously retaliate!
You headbutt the gnoll, but do no damage.
The gnoll completely misses you.
You shoot a sling bullet.
The sling bullet closely misses the gnoll.
The gnoll hits you with a +2 whip of electrocution!
The gnoll barely misses you.
You shoot a sling bullet. The sling bullet hits the gnoll.
The gnoll is moderately wounded.
The gnoll hits you with a +2 whip of electrocution.
The gnoll hits you from afar with a +0 spear.
You shoot a sling bullet.
The sling bullet closely misses the gnoll.
The gnoll hits you from afar with a +0 spear.
The gnoll hits you with a +2 whip of electrocution.
The gnoll hits you with a +2 whip of electrocution!
You die...

#.....[. #......
...... .... .g.
##. #g# # ... #.##
###.# #@g# #######
....# ##.# #.....#
..# #.## #.###)#
..## #..#
#<###.######
.[.###
##.###.#........#
..>..###
#......#........#
#......#
##..#####.......<#
#.##.#.# #...###
#........#
#.##...#
#.#...###........#


You could see 3 gnolls.

Vanquished Creatures
  Jessica (D:2)
  A gnoll (D:3)
  2 adders
  A worm (D:3)
  A dart slug (D:1)
  An orc (D:3)
  4 endoplasms
  A giant cockroach (D:2)
  8 goblins
  A hobgoblin (D:2)
  5 jackals (D:2)
  4 quokkas
  6 ball pythons
  5 bats
  2 frilled lizards
  8 kobolds
  7 rats
58 creatures vanquished.

Notes
Turn   | Place    | Note
-------+----------+-------------------------------------------
     0 | D:1      | qw the Minotaur Hexslinger began the quest for the Orb.
     0 | D:1      | Reached XP level 1. HP: 16/16 MP: 1/1
     0 | D:1      | 0 ||| qw: Version: 0.3-a-46-gb1f654a
     0 | D:1      | 0 ||| qw: Game counter: 2533
     0 | D:1      | 0 ||| qw: Melee chars always use a shield: true
     0 | D:1      | 0 ||| qw: God list: Okawaru
     0 | D:1      | 0 ||| qw: Allow faded altars: false
     0 | D:1      | 0 ||| qw: Do Orc after clearing Dungeon:15 true
     0 | D:1      | 0 ||| qw: Do second Lair branch before Depths: true
     0 | D:1      | 0 ||| qw: Lair rune preference: random
     0 | D:1      | 0 ||| qw: Goals: Normal
     0 | D:1      | 0 ||| PLANNING D:1-11
   120 | D:1      | Reached skill level 3 in Ranged Weapons
   120 | D:1      | Reached XP level 2. HP: 23/23 MP: 2/2
   226 | D:1      | You fall into a shaft and drop 1 floor!
   232 | D:2      | Noticed Jessica
   240 | D:2      | Killed Jessica
   241 | D:2      | Reached skill level 3 in Fighting
   241 | D:2      | Reached XP level 3. HP: 28/31 MP: 3/3
   437 | D:2      | 437 ||| UPGRADING to +0 ring mail.
   447 | D:2      | 447 ||| DROPPING +0 robe.
   448 | D:2      | 448 ||| UPGRADING to +2 robe of cold resistance.
   458 | D:2      | 458 ||| DROPPING +0 ring mail.
   459 | D:2      | 459 ||| READING scroll labelled SYCE CAOMMY.
   460 | D:2      | 460 ||| READING scroll labelled QIANUTWAQODGH.
   461 | D:2      | 461 ||| DROPPING scroll of poison.
  1008 | D:1      | 1008 ||| DRINKING 2 grey potions.
  1009 | D:1      | 1009 ||| DROPPING potion of degeneration.
  1071 | D:2      | Reached XP level 4. HP: 33/38 MP: 4/4
  1135 | D:2      | Reached skill level 4 in Ranged Weapons
  1521 | D:2      | 1521 ||| UPGRADING to +4 ring of protection.
  1522 | D:2      | 1522 ||| DRINKING 2 glowing silvery potions.
  1522 | D:2      | Gained mutation: You possess an exceptional clarity of
                  | mind. [potion of mutation]
  1522 | D:2      | Gained mutation: You passively dampen the noise of your
                  | surroundings. [potion of mutation]
  1706 | D:3      | Found a bloodstained altar of Trog.
  1847 | D:3      | HP: 6/38 [gnoll/+2 whip of electrocution (5)]
  1847 | D:3      | Slain by a gnoll

Levels and vault maps discovered:
D:1:      elethiomel_arrival_infinity_welcomes_careful_drivers, layout_rooms,
          chequers_serial_rivers_large_a, serial_bayou_lagoon_a
D:2:      layout_basic, minmay_pentomino_p4, uniq_jessica
D:3:      layout_rooms, trog_butcher_becter, saegor_snake_ambush

Skill      XL: |  1  2  3  4 |
---------------+-------------+-----
Ranged Weapons | 3 4 |  4.7
Fighting       | 3 |  3.1
Dodging        | |  2.1
Spellcasting   | |  1.0
Hexes          | |  2.0

Action                     |  1- 3 |  4- 6 || total
---------------------------+-------+-------++-------
   Fire: Sling             |    87 |    84 ||   171
    Use: Scroll            |     2 |       ||     2
         Potion            |     1 |     1 ||     2
 Armour: Robe              |     8 |    12 ||    20
  Dodge: Dodged            |    19 |    27 ||    46

Table legend:
 A = Non-vault XP
 B = Vault XP
 C = Vault XP percentage of total XP
 D = Non-vault monster count
 E = Vault monster count
 F = Vault count percentage of total count
                 A         B        C        D         E       F
            +---------+---------+-------+---------+---------+-------
      Total |     116 |      50 |  30.1 |      49 |       9 |  15.5
            +---------+---------+-------+---------+---------+-------
        D:1 |      24 |       0 |   0.0 |      16 |       0 |   0.0
        D:2 |      48 |      42 |  46.7 |      22 |       5 |  18.5
        D:3 |      44 |       8 |  15.4 |      11 |       4 |  26.7
            +---------+---------+-------+---------+---------+-------
